 Dungeon Crawl Stone Soup version 0.30-a0-364-gf6b3ef1049 (webtiles) character file.

Game seed: 4277241350223060388

56357 Engwar the Fighter (level 14, -1/96 HPs)
             Began as a Tengu Reaver on Nov 16, 2022.
             Was a High Priest of Vehumet.
             Constricted to death by Jorgrun (3 damage)
             ... on level 1 of the Orcish Mines.
             The game lasted 01:07:25 (26758 turns).

Engwar the Fighter (Tengu Reaver)                  Turns: 26758, Time: 01:07:25

Health: -1/96      AC: 12    Str: 11    XL:     14   Next: 81%
Magic:  0/27       EV: 17    Int: 22    God:    Vehumet [*****.]
Gold:   1742       SH:  5    Dex: 15    Spells: 6/29 levels left

rFire   + . .      SeeInvis .    w - +4 trident (venom)
rCold   + . .      Faith    .    J - +0 buckler
rNeg    + . .      Spirit   +    B - +1 steam dragon scales
rPois   +          Reflect  .    (helmet restricted)
rElec   .          Harm     .    G - +2 cloak {Will+}
rCorr   .          Rampage  .    I - +1 pair of gloves {Dex+3}
Will    ++...                    (boots unavailable)
Stlth   +++.......               n - amulet of guardian spirit
HPRegen 0.36/turn                p - ring "Cuxer" {rPois rF+ rN+ Str-3 Int+4 Stlth+}
MPRegen 0.20/turn                F - ring of protection from cold

@: grasped by roots, flying quickly and evasively, constricted, studying Ice
Magic, quick
A: beak, talons 3, nimble flight
a: Renounce Religion


You were on level 1 of the Orcish Mines.
You worshipped Vehumet.
Vehumet was extremely pleased with you.
You visited 4 branches of the dungeon, and saw 19 of its levels.
You also visited: Sewer, Ossuary and Ice Cave.

You collected 1742 gold pieces.

Inventory:

Hand Weapons
 w - a +4 trident of venom (weapon)
Armour
 B - +1 steam dragon scales (worn)
 G - a +2 cloak of willpower (worn)
 I - a +1 pair of gloves of dexterity (worn)
 J - a +0 buckler (worn)
Jewellery
 d - a ring of resist corrosion
 f - a ring of protection from fire
 n - an amulet of guardian spirit (around neck)
 p - the ring "Cuxer" (left hand) {rPois rF+ rN+ Str-3 Int+4 Stlth+}
   (You acquired it on level 4 of the Dungeon)

   [ring of positive energy]

   Str:       It affects your strength (-3).
   Int:       It affects your intelligence (+4).
   rF:        It protects you from fire.
   rPois:     It protects you from poison.
   rN:        It protects you from negative energy.
   Stlth:     It makes you more stealthy.
 s - a ring of positive energy
 F - a ring of protection from cold (right hand)
Wands
 a - a wand of mindburst (11)
 z - a wand of flame (24)
 A - a wand of acid (14)
 C - a wand of polymorph (4)
 K - a wand of charming (2)
Scrolls
 c - 16 scrolls of identify
 e - 6 scrolls of teleportation
 g - 2 scrolls of brand weapon
 k - 3 scrolls of vulnerability
 o - 4 scrolls of poison
 q - 2 scrolls of amnesia
 r - 5 scrolls of blinking
 x - a scroll of fog
 E - 7 scrolls of silence
Potions
 b - 2 potions of berserk rage
 h - 7 potions of attraction
 i - 5 potions of mutation
 j - 4 potions of magic
 l - 4 potions of curing
 m - a potion of resistance
 t - 3 potions of might
 v - 5 potions of lignification
 D - a potion of cancellation


   Skills:
 + Level 14.1 Fighting
 - Level 14.0 Polearms
 + Level 5.8 Armour
 - Level 11.0 Dodging
 - Level 2.4 Stealth
 - Level 4.0 Shields
 + Level 8.2 Spellcasting
 - Level 10.0 Conjurations
 - Level 2.0 Ice Magic
 - Level 8.5 Air Magic


You had 6 spell levels left.
You knew the following spells:

 Your Spells              Type           Power      Damage    Failure   Level
a - Airstrike             Air            23%        2d(4-20)  1%          4
b - Momentum Strike       Conj/Tloc      62%        3d9       1%          2
c - Freezing Cloud        Conj/Ice/Air   19%        6-21      4%          5
d - Kindle Blastsparks    Fire/Tloc/Air  42%        2d13      2%          3
e - Shock                 Conj/Air       100%       1d9       1%          1
f - Vhi's Electric Charg  Tloc/Air       54%        N/A       4%          3
g - Arcjolt               Conj/Air       25%        1d35      1%          5

Your spell library contained the following spells:

 Spells                   Type           Power      Damage    Failure   Level
 Iron Shot                Conj/Erth      15%        9d4       41%         6
 Freeze                   Ice            68%        1d8       1%          1
 Kiss of Death            Conj/Necr      100%       2d13      1%          1
 Static Discharge         Conj/Air       100%       2-7/arc   1%          2
 Hailstorm                Conj/Ice       35%        3d9       1%          3
 Lightning Bolt           Conj/Air       25%        1d41      1%          5
 Frozen Ramparts          Ice            34%        1d6       3%          3
 Ignite Poison            Fire/Tmut/Pois 9%         N/A       8%          3
 Ice Form                 Ice/Tmut       13%        N/A       52%         4
 Summon Ice Beast         Ice/Summ       13%        N/A       52%         4
 Manifold Assault         Tloc           9%         N/A       67%         4
 Dispersal                Tloc           4%         N/A       100%        6
 Disjunction              Tloc           4%         N/A       100%        8


Dungeon Overview and Level Annotations

Branches:
Dungeon (11/15)            Temple (1/1) D:6            Lair (5/5) D:9
  Swamp (0/4) Lair:2       Spider (0/4) Lair:2        Slime (0/5) Lair:5
    Orc (2/2) D:10            Elf (0/3) Orc:2         Sewer (visited)
Ossuary (visited)           IceCv (visited)

Altars:
Ashenzari
Cheibriados
Dithmenos
Elyvilon
Fedhas
Gozag
Hepliaklqana
Kikubaaqudgha
Makhleb
Nemelex Xobeh
Okawaru
Qazlal
Ru
Sif Muna
Trog
Uskayaw
Vehumet
Wu Jian
Xom
Yredelemnul
Zin
The Shining One
Jiyva

Shops:
D:7 *   D:10 [   Orc:1 *

Annotations:
D:9 Amaemon
Orc:1 Jorgrun


Innate Abilities, Weirdness & Mutations

You have a beak for a mouth.
You have claws for feet.
Your magical nature lets you fly swiftly and evasively.


Message History

You fly upwards.
There is a stone staircase leading down here.
As you read the scroll of fear, it crumbles to dust.
You assume a fearsome visage.
Jorgrun resists with almost no effort.
The orc looks frightened!
Jorgrun hits you with a +0 vorpal quarterstaff!
Jorgrun points at you and mumbles some strange words.
The iron shot hits you.
You feel much better.
Casting: Arcjolt (dangerous; 1% risk of failure)
Confirm with . or Enter, or press ? or * to list all spells.
Aiming: Freezing Cloud (dangerous; 4% risk of failure)
Press: ? - help, Dir - move target Jorgrun is engulfed in freezing vapours.
You closely miss Jorgrun. Your kick misses Jorgrun.
Jorgrun is lightly wounded.
Jorgrun hits you with a +0 vorpal quarterstaff.
You completely miss Jorgrun. You claw Jorgrun.
Jorgrun is moderately wounded.
You barely miss Jorgrun. You claw Jorgrun, but do no damage.
Jorgrun is moderately wounded.
Jorgrun misses you.
You puncture Jorgrun!
Jorgrun looks as sick as possible!
Your kick misses Jorgrun. You peck Jorgrun.
Jorgrun is moderately wounded.
Jorgrun mutters some incantations to himself.
Jorgrun closely misses you.
You hit Jorgrun.
Jorgrun looks as sick as possible!
Jorgrun is heavily wounded.
You puncture Jorgrun! Your kick misses Jorgrun.
Jorgrun is heavily wounded.
Jorgrun casts a spell at you. The iron shot hits you!!!
* * * LOW HITPOINT WARNING * * *
Jorgrun says, "'tis place shall be yer tomb!"
Jorgrun points at you and mumbles some strange words.
Roots burst forth from the earth!
The grasping roots grab you! The grasping roots constrict you.
You die...

.........## ##.#...##..##.#...#..
....#.#.## #...#.#.....)...∩....
.........# ##.#........(.#...###
....#...## #...#.#.......##.####
.....#.### ##...##............#.
#....#.#.####.#..##..##..........
..........##..........#..........
.....#....###...^..§§§....#.....#
....##....###...@.g§§§#........#.
#....##.[..........§§§##.........
.#..##......................#..#.
###.###.........................#
##...###....................#..##
##..##........................##
#.............................#
##......#...............##.#.##
##.........................##


You could see Jorgrun (extremely poisoned).

Vanquished Creatures
  An ettin (Orc:1)
  Josephine (Lair:3)
  4 hydras
  Erolcha (D:9)
  3 catoblepae (Lair:5)
  Erica (D:9)
  2 boulder beetles
  3 two-headed ogres
  9 death yaks (Lair:5)
  Pikel (D:6)
  An orc knight (Orc:1)
  An ugly thing (D:11)
  A cyclops (D:8)
  2 manticores (Lair:5)
  Joseph (D:8)
  Maurice (D:9)
  A gargoyle (D:10)
  2 black mambas (Lair:5)
  11 cane toads
  Psyche (D:9)
  4 rime drakes
  A kobold demonologist (D:10)
  2 freezing wraiths (IceCv)
  3 komodo dragons
  An anaconda simulacrum (IceCv)
  9 ice devils (IceCv)
  4 trolls
  3 hornets
  Prince Ribbit (D:5)
  A polar bear (Lair:1)
  6 blink frogs
  A slime creature (D:8)
  4 jumping spiders (Lair:2)
  3 shadows
  Sigmund (D:4)
  A culicivora (Lair:2)
  A spriggan (Lair:2)
  2 wyverns
  Eustachio (D:6)
  A dire elephant simulacrum (IceCv)
  52 yaks
  8 wraiths
  A basilisk (Lair:1)
  Grum (D:8)
  3 vampire mosquitoes (D:10)
  2 redbacks (Lair:2)
  4 death yak simulacra (IceCv)
  7 steam dragons
  3 wargs (Orc:1)
  2 hydra simulacra (IceCv)
  4 harpy simulacra (IceCv)
  4 water moccasins
  Duvessa (D:5)
  3 black bears
  A swamp drake (Lair:2)
  13 orc warriors
  8 ice beasts
  An ogre (Orc:1)
  41 wolves
  7 centaurs
  4 phantoms
  4 lemures
  4 elf zombies (Ossuary)
  3 kobold brigands
  12 bullfrogs
  3 scorpions
  A two-headed ogre simulacrum (IceCv)
  3 necrophages
  A gnoll sergeant (D:9)
  2 cane toad simulacra (IceCv)
  Dowan (D:6)
  4 wights (D:8)
  4 elephant simulacra (IceCv)
  A troll zombie (D:10)
  8 killer bees
  5 howler monkeys
  2 electric eels (Lair:4)
  6 centaur zombies (Ossuary)
  16 jellies
  15 orc priests
  2 human zombies (Ossuary)
  2 gnoll boudas
  A hound (D:5)
  4 iguanas
  11 orc wizards
  3 troll simulacra
  5 polar bear simulacra (IceCv)
  A spriggan simulacrum (D:11)
  7 ogre zombies (D:10)
  3 mummies (Ossuary)
  6 adders
  6 gnolls
  5 naga simulacra
  A river rat (Sewer)
  A shadow imp (D:5)
  A white imp (IceCv)
  2 ufetubi
  4 worms
  60 orcs
  6 ball pythons
  5 endoplasms
  5 giant cockroaches
  5 hobgoblins
  9 jackals
  6 quokkas
  8 bats
  3 frilled lizards
  5 goblins
  4 goblin skeletons (D:10)
  4 goblin zombies
  3 hobgoblin zombies (D:10)
  24 kobolds
  3 orc skeletons (D:10)
  13 orc zombies (D:10)
  6 rats
597 creatures vanquished.

Vanquished Creatures (others)
  24 fungi
  51 plants
75 creatures vanquished.

Grand Total: 672 creatures vanquished

Notes
Turn   | Place    | Note
-------+----------+-------------------------------------------
     0 | D:1      | Engwar the Tengu Reaver began the quest for the Orb.
     0 | D:1      | Reached XP level 1. HP: 12/12 MP: 4/4
   132 | D:1      | Reached XP level 2. HP: 17/17 MP: 6/6
   388 | D:1      | Reached skill level 1 in Stealth
   728 | D:1      | Reached XP level 3. HP: 22/22 MP: 7/7
   933 | D:2      | Learned a level 2 spell: Momentum Strike
  1351 | D:2      | Reached XP level 4. HP: 18/27 MP: 8/8
  1434 | D:2      | Found a faded altar of an unknown god.
  1798 | D:3      | Found a glowing drain.
  1817 | Sewer    | Entered a sewer
  1907 | Sewer    | Noticed a kobold brigand
  1925 | Sewer    | Killed a kobold brigand
  1926 | Sewer    | Reached skill level 5 in Conjurations
  1926 | Sewer    | Gained mutation: Your magical nature lets you fly swiftly
                  | and evasively. [Tengu growth]
  1926 | Sewer    | Reached XP level 5. HP: 32/32 MP: 9/9
  1945 | Sewer    | Found a white marble altar of Elyvilon.
  2763 | D:3      | Noticed a phantom
  2780 | D:3      | Killed a phantom
  2781 | D:3      | Reached XP level 6. HP: 16/37 MP: 10/10
  3067 | D:4      | Noticed Sigmund
  3091 | D:4      | Killed Sigmund
  3092 | D:4      | Reached skill level 5 in Polearms
  3110 | D:4      | Reached XP level 7. HP: 41/43 MP: 11/11
  3462 | D:4      | Found a sand-covered staircase.
  3484 | Ossuary  | Entered an ossuary
  3715 | Ossuary  | Reached skill level 5 in Fighting
  3729 | Ossuary  | Reached XP level 8. HP: 39/49 MP: 12/12
  3741 | Ossuary  | Reached skill level 5 in Dodging
  4147 | D:4      | Identified a scroll of acquirement
  4147 | D:4      | Acquired the ring "Cuxer" {rPois rF+ rN+ Str-3 Int+4
                  | Stlth+}
  4560 | D:5      | Entered Level 5 of the Dungeon
  4943 | D:5      | Noticed Prince Ribbit
  4958 | D:5      | Killed Prince Ribbit
  5421 | D:5      | Reached XP level 9. HP: 47/56 MP: 11/13
  5597 | D:6      | Noticed Pikel
  5700 | D:6      | Noticed Dowan
  5701 | D:6      | Noticed Duvessa
  5709 | D:6      | Killed Dowan
  5723 | D:5      | Killed Duvessa
  5895 | D:6      | Noticed Eustachio
  5903 | D:6      | Killed Eustachio
  6276 | D:6      | Killed Pikel
  6424 | D:6      | Found a sacrificial altar of Ru.
  6726 | D:6      | Reached XP level 10. HP: 60/64 MP: 12/14
  6825 | D:6      | Found a staircase to the Ecumenical Temple.
  6994 | Temple   | Entered the Ecumenical Temple
  7172 | Temple   | Became a worshipper of Vehumet
  7368 | D:7      | Learned a level 5 spell: Freezing Cloud
  7755 | D:7      | Found Quosol's Lightly-Used Armoury.
  8118 | D:7      | Reached skill level 1 in Air Magic
  8382 | D:8      | Learned a level 3 spell: Kindle Blastsparks
  8451 | D:8      | Noticed Grum
  8459 | D:8      | Reached skill level 1 in Ice Magic
  8472 | D:8      | Killed Grum
  8768 | D:8      | Noticed a two-headed ogre
  8772 | D:8      | Noticed a cyclops
  9095 | D:8      | Noticed a boulder beetle
  9129 | D:8      | HP: 3/65 [boulder beetle (10)]
  9134 | D:8      | Killed a boulder beetle
  9135 | D:8      | Reached skill level 10 in Polearms
  9373 | D:8      | Killed a cyclops
  9517 | D:8      | Noticed Joseph
  9535 | D:8      | Killed Joseph
  9535 | D:8      | Reached * piety under Vehumet
  9535 | D:8      | Offered knowledge of Shock by Vehumet.
  9536 | D:8      | Reached XP level 11. HP: 4/71 MP: 0/17
  9553 | D:8      | Noticed a two-headed ogre
  9626 | D:7      | Learned a level 1 spell: Shock
 10002 | D:8      | Killed a two-headed ogre
 10278 | D:8      | Killed a two-headed ogre
 10279 | D:8      | Reached skill level 10 in Dodging
 10370 | D:8      | Reached skill level 1 in Armour
 10713 | D:9      | Noticed Erolcha
 10783 | D:9      | Noticed Maurice
 10798 | D:9      | Killed Maurice
 10842 | D:9      | Offered knowledge of Static Discharge by Vehumet.
 10854 | D:9      | Reached ** piety under Vehumet
 10887 | D:9      | Identified the +1 sling "Corott" {freeze, Int+4}
 10960 | D:9      | Reached skill level 10 in Fighting
 10984 | D:9      | Killed Erolcha
 11282 | D:9      | Noticed a boulder beetle
 11293 | D:9      | Killed a boulder beetle
 11359 | D:9      | Noticed Amaemon
 11472 | D:9      | Noticed Erica
 11484 | D:9      | Killed Erica
 11516 | D:9      | Noticed Psyche
 11520 | D:9      | Killed Psyche
 11676 | D:9      | Found a staircase to the Lair.
 11697 | D:9      | Reached XP level 12. HP: 76/78 MP: 16/19
 11837 | Lair:1   | Entered Level 1 of the Lair of Beasts
 12218 | Lair:1   | Offered knowledge of Poisonous Vapours by Vehumet.
 12310 | Lair:1   | Reached skill level 5 in Armour
 12870 | Lair:2   | Reached *** piety under Vehumet
 13155 | Lair:2   | Noticed a four-headed hydra
 13170 | Lair:2   | Killed a four-headed hydra
 13321 | Lair:2   | Found a staircase to the Swamp.
 13328 | Lair:2   | Noticed a five-headed hydra
 13344 | Lair:2   | Killed a five-headed hydra
 13949 | Lair:2   | Reached skill level 1 in Shields
 13966 | Lair:2   | Offered knowledge of Iskenderun's Mystic Blast by Vehumet.
 14251 | Lair:2   | Noticed a six-headed hydra
 14952 | Lair:2   | Killed a six-headed hydra
 14953 | Lair:2   | Reached XP level 13. HP: 29/86 MP: 9/20
 15154 | Lair:2   | Found a hole to the Spider Nest.
 15170 | Lair:2   | Reached **** piety under Vehumet
 15842 | Lair:3   | Offered knowledge of Fulminant Prism by Vehumet.
 15983 | Lair:3   | Reached skill level 5 in Air Magic
 17056 | Lair:4   | Noticed Josephine
 17295 | Lair:3   | Killed Josephine
 17296 | Lair:3   | Reached skill level 5 in Spellcasting
 17585 | Lair:4   | Learned a level 3 spell: Vhi's Electric Charge
 17591 | Lair:4   | Learned a level 5 spell: Arcjolt
 17604 | Lair:4   | Identified the +6 arbalest of Dominance {antimagic, rElec}
 18085 | Lair:4   | Found the +10 tower shield of Ignorance {rN+ Int-4}
 18885 | Lair:5   | Entered Level 5 of the Lair of Beasts
 18965 | Lair:5   | Found a staircase to the Slime Pits.
 18965 | Lair:5   | Found a viscous altar of Jiyva.
 19683 | Lair:5   | Reached ***** piety under Vehumet
 19688 | Lair:5   | Offered knowledge of Airstrike by Vehumet.
 19771 | Lair:5   | Learned a level 4 spell: Airstrike
 20407 | Lair:5   | HP: 4/88 [death yak (15)]
 20431 | Lair:5   | Reached XP level 14. HP: 45/94 MP: 8/24
 21031 | Lair:5   | Reached skill level 10 in Conjurations
 21603 | D:10     | Entered Level 10 of the Dungeon
 21809 | D:10     | Found a staircase to the Orcish Mines.
 22060 | D:10     | Found a basalt altar of Yredelemnul.
 22562 | D:10     | Found Pynwesma's Antique Armour Shop.
 22912 | D:11     | Found a frozen archway.
 23007 | IceCv    | Entered an ice cave
 23639 | IceCv    | Found an ancient bone altar of Kikubaaqudgha.
 24576 | IceCv    | Offered knowledge of Iron Shot by Vehumet.
 25159 | D:11     | Identified the +1 chain mail "Jiafif" {Regen+ Dex+4}
 25285 | D:11     | Identified the +1 robe of Cugaeda {rPois rC+ Slay+2}
 25532 | Orc:1    | Entered Level 1 of the Orcish Mines
 26644 | Orc:1    | Found Mukeomuq's Gadget Gallery.
 26738 | Orc:2    | Entered Level 2 of the Orcish Mines
 26738 | Orc:2    | Noticed Jorgrun
 26738 | Orc:2    | Found a staircase to the Elven Halls.
 26757 | Orc:1    | HP: 2/96 [Jorgrun/iron shot (45)]
 26758 | Orc:1    | Constricted to death by Jorgrun

Illustrated notes

Levels and vault maps discovered:
D:1:      psy_arrival_whirlpool, layout_loops_corners, minmay_misc_feat_tiny
D:2:      layout_basic, shapermc_ecumenical_altar_venn, serial_glass,
          glass_columns_b, glass_columns_a
D:3:      wander_river, layout_loops_corners, cheibrodos_sewer_entry_sluice,
          serial_bayou_pond_a
D:4:      layout_basic, enter_ossuary_4, uniq_sigmund
D:5:      layout_basic, uniq_prince_ribbit1
D:6:      layout_cave_pools, kennysheep_mini, temple_hall, uniq_duvessa,
          uniq_eustachio, uniq_pikel
D:7:      layout_cave_pools, serial_co_window_serial, co_window_paths_b,
          co_window_paths_a, co_window_cross_1, co_window_of_opportunity_a,
          co_window_paths_a, co_window_paths_a, co_window_corner_a,
          co_window_paths_a, co_window_corner_a, co_window_of_opportunity_c,
          co_window_broadway_b, co_window_broadway_b,
          co_window_of_opportunity_c, co_window_unsneaky_path_e,
          co_window_corner_b, co_window_corner_ca, co_window_paths_e,
          grunt_ministairs_14, grunt_decor_one_mirror, minmay_shop_damaged,
          reono_crystal_passage
D:8:      cheibrodos_ideogram_h, layout_basic, uniq_grum, uniq_joseph
D:9:      layout_roguey, hellmonk_lair_entry_icy, uniq_psyche, uniq_erolcha,
          uniq_amaemon, uniq_maurice, uniq_erica
D:10:     layout_loops_ring, yredelemnul_altar_generic, zombieorc2_lemuel,
          serial_shops, shop, hangedman_decor_push
D:11:     layout_basic, portal_ice_cave_entry_ice_simulacra
Temple:   nicolae_temple_bog_church
Lair:1:   layout_chaotic_city
Lair:2:   layout_chaotic_city, minmay_swamp_entry_reptiles,
          nicolae_spider_entry_tight_spaces, grunt_forest_large_clearings
Lair:3:   layout_cave_pods
Lair:4:   layout_cave_pods, grunt_megastairs_5, serial_bayou_shore_a,
          uniq_josephine
Lair:5:   evilmike_catoblepas_cave, layout_loops_ring,
          minmay_slime_entry_jelly_boxes, lemuel_fruit_tree
Orc:1:    layout_caves, nicolae_shop_gadgets
Orc:2:    st_orc_elflike, layout_diamond_mine, serial_shops,
          nicolae_shop_hallway_stairs, uniq_snorg, uniq_jorgrun

Skill      XL: |  1  2  3  4  5  6  7  8  9 10 11 12 13 14 |
---------------+-------------------------------------------+-----
Stealth        | 1 2 |  2.4
Fighting       | 3 4 5 6 8 9 10 12 13 14 | 14.1
Polearms       | 4 5 6 7 9 10 11 13 14 | 14.0
Conjurations   | 5 7 9 10 | 10.0
Dodging        | 3 4 6 8 9 10 11 | 11.0
Air Magic      | 4 8 |  8.5
Ice Magic      | 2 |  2.0
Spellcasting   | 3 4 6 8 |  8.2
Armour         | 4 5 |  5.8
Shields        | 3 4 |  4.0

Action                   |  1- 3 |  4- 6 |  7- 9 | 10-12 | 13-15 || total
-------------------------+-------+-------+-------+-------+-------++-------
Melee: Spear             |   108 |   120 |   283 |       |       ||   511
       Kick              |    18 |    16 |   126 |   254 |   527 ||   941
       Peck              |     9 |    11 |    71 |   156 |   329 ||   576
       Punch             |       |     1 |     4 |     8 |       ||    13
       Trident           |       |       |   152 |   829 |  1342 ||  2323
 Cast: Kiss of Death     |       |       |     1 |       |       ||     1
       Kindle Blastspark |       |       |       |     3 |       ||     3
       Shock             |       |       |       |     2 |       ||     2
       Arcjolt           |       |       |       |       |     2 ||     2
       Freezing Cloud    |       |       |       |       |     1 ||     1
  Use: Scroll            |       |    13 |     7 |     6 |     9 ||    35
       Potion            |       |     1 |     1 |     5 |     3 ||    10
 Stab: Sleeping          |     4 |     1 |     9 |     8 |    21 ||    43
       Distracted        |       |     1 |     1 |     5 |     4 ||    11
Armor: Leather armour    |    15 |    10 |    61 |     3 |       ||    89
       Steam dragon scal |       |       |       |   132 |   168 ||   300
Dodge: Dodged            |    32 |    48 |   232 |   570 |   524 ||  1406
Block: Buckler           |       |       |       |    34 |   144 ||   178

Table legend: (Time is in decaauts)
 A = Elapsed time spent in this place.
 B = Non-inter-level travel time spent in this place.
 C = Inter-level travel time spent in this place.
 D = Time resting spent in this place.
 E = Time spent auto-exploring this place.
 F = Levels seen in this place.
 G = Mean time per level.
                   A        B        C        D        E       F      G
               +--------+--------+--------+--------+--------+-----+--------+
         Total |  24742 |  23581 |   1161 |   5290 |  13024 |  22 | 1124.6 |
       Dungeon |  12516 |  11721 |    795 |   1787 |   7250 |  11 | 1137.8 |
        Temple |    166 |    160 |      6 |      0 |    117 |   1 |  166.0 |
          Lair |   8758 |   8410 |    348 |   2157 |   4680 |   5 | 1751.6 |
  Orcish Mines |    746 |    735 |     11 |     91 |    407 |   2 |  373.0 |
         Sewer |    171 |    171 |      0 |      0 |    110 |   1 |  171.0 |
       Ossuary |    427 |    427 |      0 |    211 |      4 |   1 |  427.0 |
      Ice Cave |   1955 |   1955 |      0 |   1043 |    453 |   1 | 1955.0 |
               +--------+--------+--------+--------+--------+-----+--------+

Top non-repeatable levels by time:
  Lair:5: 2368 daAuts
     D:8: 2210 daAuts
  Lair:2: 2008 daAuts
   IceCv: 1955 daAuts
  Lair:3: 1823 daAuts
  Lair:4: 1406 daAuts
    D:10: 1302 daAuts
     D:5: 1267 daAuts
  Lair:1: 1150 daAuts
     D:6: 1108 daAuts
     D:7: 1086 daAuts
     D:9: 1044 daAuts
     D:3: 1030 daAuts
     D:2: 960 daAuts
     D:4: 948 daAuts
